cohdb
Replays
Latest Replays
All Replays
Popular Replays
Top Player Replays
Match Explorer
How It Works
Community
CoH3 Stats
Reddit
Sign in to upload your games and track your stats! →
Sign in with Steam
Match 20773866
Unlisted
Match 20773866
Overview
Messages
Build Orders
End
Selects Luftwaffe Battlegroup
Selects Luftwaffe Pioneer Support
Fallschirmpioneer Squad Paradrop
Kettenkrad Recon Vehicle
Construct Infanterie Kompanie
Grenadier Squad
Grenadier Squad
Construct Panzergrenadier Kompanie
Selects Stuka Strafing Run
251 Medium Carrier
Kresnik
Prof. Dr. Balu
When does the narwhal le bacon
Friar F***
0
0
Comments
sign in to comment!
No comments posted yet!